 Dungeon Crawl Stone Soup version 0.29-a0-393-g47a863cc1b (webtiles) character file.

Game seed: 4448040615139581659

131 avis the Ruffian (level 5, -4/45 HPs)
             Began as a Hill Orc Transmuter on May 11, 2022.
             Killed by nerve-wracking pain
             ... invoked by Grinder
              (14 damage)
             ... on level 4 of the Dungeon.
             The game lasted 00:13:34 (3888 turns).

avis the Ruffian (Hill Orc Transmuter)              Turns: 3888, Time: 00:13:35

Health: -4/45      AC:  4    Str: 13    XL:     5   Next: 14%
Magic:  5/7        EV: 11    Int: 15    God:
Gold:   194        SH:  0    Dex: 11    Spells: 3/7 levels left

rFire   . . .      SeeInvis .     - Unarmed
rCold   . . .      Faith    .   (no shield)
rNeg    . . .      Spirit   .   k - +0 leather armour
rPois   .          Reflect  .   (no helmet)
rElec   .          Harm     .   (no cloak)
rCorr   .          Rampage  .   (no gloves)
Will    .....                   d - +0 pair of boots
Stlth   +.........              (no amulet)
HPRegen 0.15/turn               (no ring)
MPRegen 0.10/turn               (no ring)

@: no status effects
A: no striking features
a: no special abilities


You were on level 4 of the Dungeon.
You visited 1 branch of the dungeon, and saw 4 of its levels.

You collected 194 gold pieces.

Inventory:

Hand Weapons
 m - a +0 spear
 n - a +0 spear
 q - a +0 spear
Missiles
 b - 3 boomerangs
 e - 45 stones
 h - 4 poisoned darts
Armour
 a - a +0 robe
 d - a +0 pair of boots (worn)
 j - a scarf of harm
 k - a +0 leather armour (worn)
Magical Staves
 t - a staff of earth
Jewellery
 c - a ring of fire
Wands
 i - a wand of flame (17)
 p - a wand of mindburst (12)
Scrolls
 g - a scroll of enchant armour {unknown}
 l - a scroll of summoning {unknown}
 o - a scroll of vulnerability {unknown}
 s - 3 scrolls of blinking {unknown}
 u - a scroll of acquirement {unknown}
 v - 2 scrolls of identify {unknown}
 w - a scroll of amnesia {unknown}
Potions
 f - a potion of flight {unknown}
 r - a potion of attraction {unknown}
 x - 2 potions of curing {unknown}
 z - a potion of resistance {unknown}


   Skills:
 + Level 3.0 Fighting
 - Level 1.5 Dodging
 * Level 5.0 Unarmed Combat
 - Level 1.5 Spellcasting
 - Level 2.0 Transmutations
 + Level 0.9 Poison Magic


You had 3 spell levels left.
You knew the following spells:

 Your Spells              Type           Power      Damage    Failure   Level
a - Beastly Appendage     Tmut           14%        N/A       13%         1
p - Spider Form           Tmut/Pois      5%         N/A       43%         3

Your spell library contained the following spells:

 Spells                   Type           Power      Damage    Failure   Level
 Wereblood                Tmut           7%         N/A       21%         2
 Ice Form                 Ice/Tmut       4%         N/A       89%         4


Dungeon Overview and Level Annotations

Branches:
Dungeon (4/15)
 Temple: D:4-7

Altars:
The Shining One

Shops:
D:2 *

Annotations:
D:2 1 runed translucent door, exclusion: door, Crazy Yiuf
D:4 Grinder


Message History

There is a stone staircase leading up here.
A hobgoblin comes into view.
Your transformation is almost over.
Grinder misses you.
You hit Grinder.
Grinder is lightly wounded.
Grinder hits you.
You writhe in agony.
You hit Grinder but do no damage.
Grinder is poisoned.
Grinder is lightly wounded.
The hobgoblin shouts!
You hear a shout!
Grinder gestures at you.
You suddenly lose the ability to move!
An ufetubus comes into view.
Grinder hits you!
You writhe in agony.
Grinder blinks!
The ufetubus shouts!
Grinder blinks!
The hobgoblin hits you. The hobgoblin hits you.
The hobgoblin barely misses you. Grinder gestures at you.
Pain shoots through your body! The ufetubus closely misses you.
The ufetubus hits you.
You can move again.
You hit Grinder but do no damage.
Grinder is moderately wounded.
The ufetubus hits you.
* * * LOW HITPOINT WARNING * * *
The ufetubus closely misses you. Grinder misses you.
The hobgoblin closely misses you.
You hit Grinder.
Grinder is moderately wounded.
Your transformation has ended.
Your +0 pair of boots unmelds from your body.
Your +0 leather armour unmelds from your body.
The ufetubus hits you but does no damage.
The ufetubus hits you.
* * * LOW HITPOINT WARNING * * *
Grinder gestures at you. Pain shoots through your body!
You die...

#+# ###.###
.....
######...####.#
.....?..5......
.......@g#
######.5.#
#.<.# #...#
#####


You could see Grinder (poisoned), an ufetubus and a hobgoblin.

Vanquished Creatures
  Jessica (D:3)
  An orc wizard (D:3)
  3 adders (D:3)
  A worm (D:2)
  2 dart slugs
  2 orcs (D:3)
  5 ball pythons
  6 endoplasms
  A giant cockroach (D:1)
  4 goblins
  A hobgoblin (D:1)
  2 jackals (D:2)
  5 kobolds
  8 bats
  2 frilled lizards
  4 rats (D:1)
48 creatures vanquished.

Notes
Turn   | Place    | Note
-------+----------+-------------------------------------------
     0 | D:1      | avis the Hill Orc Transmuter began the quest for the Orb.
     0 | D:1      | Reached XP level 1. HP: 16/16 MP: 3/3
   350 | D:1      | Reached XP level 2. HP: 20/23 MP: 2/4
   680 | D:1      | You fall into a shaft and drop 1 floor!
  1326 | D:1      | Reached skill level 4 in Unarmed Combat
  1326 | D:1      | Reached XP level 3. HP: 28/29 MP: 3/5
  1330 | D:1      | Learned a level 3 spell: Spider Form
  1764 | D:2      | Found a faded altar of an unknown god.
  1824 | D:2      | Found Zyenuus's General Store.
  2011 | D:2      | Found a runed translucent door.
  2012 | D:2      | Noticed Crazy Yiuf
  2304 | D:3      | Noticed Jessica
  2309 | D:3      | HP: 1/29 [Jessica/nerve-wracking pain (14)]
  2724 | D:3      | Killed Jessica
  2725 | D:3      | Reached XP level 4. HP: 21/37 MP: 2/6
  3307 | D:3      | Found a glowing golden altar of the Shining One.
  3530 | D:3      | Reached XP level 5. HP: 16/44 MP: 4/7
  3809 | D:3      | Reached skill level 5 in Unarmed Combat
  3868 | D:4      | Noticed Grinder
  3881 | D:4      | Paralysed by Grinder for 5 turns
  3888 | D:4      | Killed from afar by Grinder

Illustrated notes

Levels and vault maps discovered:
D:1:      minmay_arrival_four_loops, layout_loops_ring
D:2:      layout_basic, serial_shops, shop, ebering_ecumenical_altar_petrified,
          hangedman_decor_opposing, uniq_crazy_yiuf_cottage
D:3:      layout_basic, tso_oasis_becter, uniq_jessica
D:4:      minmay_wonky_spiral, layout_basic, temple_doors_ab,
          minmay_misc_feat_secret_circle, uniq_grinder

Skill      XL: |  1  2  3  4  5 |
---------------+----------------+-----
Fighting       | 2 3 |  3.0
Unarmed Combat | 4 5 |  5.0
Transmutations | 2 |  2.0
Dodging        | |  1.5
Spellcasting   | |  1.5
Poison Magic   | |  0.9

Action                   |  1- 3 |  4- 6 || total
-------------------------+-------+-------++-------
Melee: Unarmed           |   108 |    48 ||   156
       Kick              |    17 |     8 ||    25
       Headbutt          |     7 |     1 ||     8
       Punch             |     2 |       ||     2
 Cast: Beastly Appendage |    28 |    13 ||    41
       Spider Form       |     1 |     2 ||     3
  Use: Potion            |       |     1 ||     1
 Stab: Sleeping          |     1 |       ||     1
Armor: Robe              |     6 |       ||     6
       Leather armour    |    30 |     9 ||    39
       Skin              |       |     1 ||     1
Dodge: Dodged            |    59 |    21 ||    80

Table legend: (Time is in decaauts)
 A = Elapsed time spent in this place.
 B = Non-inter-level travel time spent in this place.
 C = Inter-level travel time spent in this place.
 D = Time resting spent in this place.
 E = Time spent auto-exploring this place.
 F = Levels seen in this place.
 G = Mean time per level.
                   A        B        C        D        E       F      G
               +--------+--------+--------+--------+--------+-----+--------+
         Total |   3882 |   3716 |    166 |   1372 |   1619 |   4 |  970.5 |
       Dungeon |   3882 |   3716 |    166 |   1372 |   1619 |   4 |  970.5 |
               +--------+--------+--------+--------+--------+-----+--------+

Top non-repeatable levels by time:
     D:1: 1495 daAuts
     D:2: 1442 daAuts
     D:3: 932 daAuts
     D:4: 12 daAuts
